 Dungeon Crawl Stone Soup version 0.31.0-32-g396128a36d (webtiles) character file.

Game seed: 1527999475749217306

322 Fractals the Trooper (level 6, 0/68 HPs)
             Began as an Oni Berserker on Apr 13, 2024.
             Was a Believer of Trog.
             Slain by an ufetubus (3 damage)
             ... summoned by Eustachio
             ... on level 4 of the Dungeon.
             The game lasted 00:07:26 (3297 turns).

Fractals the Trooper (Oni Berserker)                Turns: 3297, Time: 00:07:27

Health: 0/68       AC:  3    Str: 22    XL:     6   Next: 47%
Magic:  6/6        EV: 10    Int:  8    God:    Trog [**....]
Gold:   218        SH:  0    Dex: 10    Spells: 5/5 levels left

rFire   + . .        n - +0 war axe
rCold   + . .        (no shield)
rNeg    . . .        b - +0 animal skin
rPois   .            (helmet restricted)
rElec   .            k - scarf {rC+ rF+}
rCorr   .            (gloves unavailable)
SInv    .            (boots unavailable)
Will    .....        (no amulet)
Stlth   +            (no ring)
HPRegen 0.31/turn    (no ring)
MPRegen 0.10/turn

%: no passive effects
@: mighty, on berserk cooldown, slowed, very slow
A: large, unfitting armour, horns 1, tough skin 1, double potion healing,
drunken brawling
a: Renounce Religion, Berserk, Trog's Hand


You were on level 4 of the Dungeon.
You worshipped Trog.
Trog was pleased with you.
You visited 1 branch of the dungeon, and saw 4 of its levels.

You collected 218 gold pieces.

Inventory:

Hand Weapons
 n - a +0 war axe (weapon)
 q - a +2 dagger of electrocution
Armour
 b - a +0 animal skin (worn)
 k - a scarf of resistance (worn)
Wands
 o - a wand of mindburst (6)
Scrolls
 d - a scroll of fear {unknown}
 f - a scroll of poison {unknown}
 g - a scroll of silence {unknown}
 h - a scroll of teleportation {unknown}
 i - a scroll of revelation
 j - a scroll of brand weapon {unknown}
 l - a scroll of enchant armour {unknown}
 p - 2 scrolls of identify
 r - a scroll of blinking {unknown}
Potions
 a - 2 potions of curing
 m - a potion of resistance {unknown}


   Skills:
 + Level 6.5 Fighting
 + Level 4.8 Axes
 - Level 4.0 Dodging


You had 5 spell levels left.
You didn't know any spells.
Your spell library was empty.

Dungeon Overview and Level Annotations

Branches:
Dungeon (4/15)
 Temple: D:4-7

Altars:
Cheibriados
Okawaru

Shops:
D:4 [

Annotations:
D:2 1 runed translucent door, Crazy Yiuf
D:4 3 runed translucent doors, Eustachio; Winotaur's ghost, novice MiFi


Innate Abilities, Weirdness & Mutations

You are too large for most types of armour.
You have a pair of small horns on your head.
You have tough skin. (AC +1)
You gain doubled healing and magic from potions.
Whenever you drink a healing potion, you attack all around you.


Message History

The rat's corpse disappears in a puff of smoke!
Your endoplasm hits the river rat but does no damage.
The quokka barely misses your scorpion.
Your scorpion barely misses the river rat.
The river rat bites your scorpion!
Your endoplasm freezes the river rat.
The river rat is frozen.
The ufetubus slips past you! The ufetubus barely misses you. x2
The quokka bites your scorpion but does no damage.
Your scorpion stings the quokka.
The ufetubus hits you.
* * * LOW HITPOINT WARNING * * *
The ufetubus hits you.
* * * LOW HITPOINT WARNING * * *
The river rat bites your scorpion.
The quokka twitches its whiskers.
The quokka barely misses your scorpion.
Your endoplasm freezes the river rat.
The river rat is frozen.
Your scorpion completely misses the quokka.
The ufetubus hits you but does no damage.
The ufetubus closely misses you. The ufetubus barely misses you.
The ufetubus hits you but does no damage.
There is an escape hatch in the ceiling here.
The quokka barely misses your scorpion. The river rat bites your endoplasm.
The ufetubus barely misses you. The ufetubus closely misses you. x2
The ufetubus barely misses you.
Your scorpion stings the quokka.
Your endoplasm freezes the river rat.
The river rat is frozen.
The river rat dies!
The river rat's corpse disappears in a puff of smoke!
The quokka bites your scorpion but does no damage.
The ufetubus closely misses you. The ufetubus hits you.
* * * LOW HITPOINT WARNING * * *
Your scorpion stings the quokka.
The quokka dies!
The quokka's corpse disappears in a puff of smoke!
The ufetubus hits you.
* * * LOW HITPOINT WARNING * * *
The ufetubus hits you.
You die...

###........##⌠~,,,,,~⌠*,**
#....#......#*~~~~~~~****
....###.....##**⌠*⌠***
...###..###..###***#####
#..###..##...##.,*#....#
#............##.##.....#*
.......########.#.....,,##
........#####_#5...#**#..#**
...#...)#.#.#'##@.###....#.***
......†)).......5.s§.......,,*
...##.........###.J§.......***
...##.........##.........##*
....#.........##.....##!.#
...##...)...........@#*,.#
.................#.....,,#
.###........###..##.....**
..##.........*##..#.#>..#


You could see Eustachio, 2 ufetubi, a friendly scorpion (summoned) and a
friendly endoplasm (summoned).

Vanquished Creatures
  Sigmund (D:3)
  Natasha (D:3)
  2 adders (D:3)
  3 gnolls (D:4)
  A white imp (D:4)
  9 orcs
  2 endoplasms
  6 giant cockroaches
  8 goblins
  4 hobgoblins
  3 jackals (D:1)
  7 kobolds
  3 quokkas
  4 ball pythons
  4 bats
  2 frilled lizards (D:2)
  4 rats
64 creatures vanquished.

Notes
Turn   | Place    | Note
-------+----------+-------------------------------------------
     0 | D:1      | Fractals the Oni Berserker began the quest for the Orb.
     0 | D:1      | Reached XP level 1. HP: 24/24 MP: 1/1
   120 | D:1      | Reached XP level 2. HP: 10/32 MP: 2/2
   480 | D:1      | Reached XP level 3. HP: 32/40 MP: 3/3
   615 | D:1      | Found a faded altar of an unknown god.
   786 | D:2      | Found an iron altar of Okawaru.
   879 | D:2      | Reached ** piety under Trog
  1315 | D:2      | Found a runed translucent door.
  1316 | D:2      | Noticed Crazy Yiuf
  1771 | D:3      | Noticed Sigmund
  1795 | D:3      | Killed Sigmund
  1796 | D:3      | Reached skill level 5 in Fighting
  1796 | D:3      | Reached XP level 4. HP: 16/52 MP: 4/4
  1796 | D:3      | Reached XP level 5. HP: 18/59 MP: 5/5
  2027 | D:3      | Reached skill level 6 in Fighting
  2027 | D:3      | Reached XP level 6. HP: 60/67 MP: 6/6
  2478 | D:3      | Noticed Natasha
  2487 | D:3      | Killed Natasha
  3105 | D:4      | Found Icid's Antique Armour Emporium.
  3106 | D:4      | Found a runed translucent gate.
  3106 | D:4      | Found a runed translucent gate.
  3106 | D:4      | Found a runed translucent gate.
  3106 | D:4      | Noticed Winotaur's ghost (novice MiFi)
  3269 | D:4      | Found a snail-covered altar of Cheibriados.
  3272 | D:4      | Noticed Eustachio
  3297 | D:4      | HP: 3/68 [ufetubus[Eustachio] (3)]
  3297 | D:4      | Slain by an ufetubus

Illustrated notes

Levels and vault maps discovered:
D:1:      lightli_iron_boxes, layout_rooms, dilly_ecumenical_altar_fadedgnrine,
          hangedman_feature_mirror
D:2:      layout_basic, basic_altar, uniq_crazy_yiuf_cottage
D:3:      layout_basic, minivault_24, uniq_natasha, uniq_sigmund
D:4:      layout_cave_pools, lightli_temple_of_fire, kennysheep_mini,
          serial_shops, shop, gammafunk_ghost_necromancy,
          serial_library_regret_index_double_sided, uniq_eustachio

Skill      XL: |  1  2  3  4  5 |
---------------+----------------+-----
Dodging        | 3 4 |  4.0
Fighting       | 5 6 |  6.5
Axes           | 4 |  4.8

Action                     |  1- 3 |  4- 6 || total
---------------------------+-------+-------++-------
  Melee: Hand axe          |   120 |    11 ||   131
         Headbutt          |    10 |    15 ||    25
         Punch             |     1 |     1 ||     2
         War axe           |       |    75 ||    75
 Invoke: Berserk           |     1 |     1 ||     2
    Use: Scroll            |     2 |     2 ||     4
         Potion            |     1 |     1 ||     2
 Armour: Animal skin       |    85 |   116 ||   201
  Dodge: Dodged            |    66 |    87 ||   153
